 Dungeon Crawl Stone Soup version 0.22-a0-406-g9ff8d77 (webtiles) character file.

3129 dstrtnsr the Cleaver (level 9, 43/82 HPs)
             Began as a Deep Dwarf Fighter on May 8, 2018.
             Quit the game on level 8 of the Dungeon.
             The game lasted 00:05:40 (3015 turns).

dstrtnsr the Cleaver (Deep Dwarf Fighter)           Turns: 3015, Time: 00:05:40

Health: 43/82      AC:  7    Str: 24    XL:     9   Next: 61%
Magic:  3/3        EV:  8    Int:  8    God:
Gold:   269        SH: 11    Dex: 12    Spells: 8/8 levels left

rFire    . . .     SeeInvis .   a - +1 war axe
rCold    . . .     Gourm    .   c - +0 shield
rNeg     . . .     Faith    .   b - +0 scale mail
rPois    .         Spirit   .   (no helmet)
rElec    .         Reflect  .   (no cloak)
rCorr    .         Harm     .   (no gloves)
MR       ++...                  (no boots)
Stlth    ..........             (no amulet)
HPRegen  0.00/turn              m - ring of protection from magic
MPRegen  0.08/turn              (no ring)

@: non-regenerating
A: damage resistance, heal wounds, sense surroundings 2, no regeneration
a: Heal Wounds


You were on level 8 of the Dungeon.
You were not hungry.

You visited 1 branch of the dungeon, and saw 8 of its levels.

You collected 269 gold pieces.

Inventory:

Hand Weapons
 a - a +1 war axe (weapon)
Missiles
 g - a throwing net (quivered)
Armour
 b - a +0 scale mail (worn)
 c - a +0 shield (worn)
Jewellery
 m - a ring of protection from magic (left hand)
Wands
 C - a wand of acid (13)
 E - a wand of enslavement (8)
Scrolls
 f - a scroll of fear {unknown}
 l - 2 scrolls of enchant weapon
 o - 3 scrolls of teleportation {!d}
 q - 2 scrolls of blinking
 r - a scroll of noise {unknown}
 t - 5 scrolls of remove curse {@r2}
 u - a scroll of amnesia {unknown}
Potions
 d - a potion of might
 h - a potion of curing {unknown}
 i - 2 potions of resistance
 j - 3 potions of mutation
 n - a potion of brilliance {unknown}
 p - 2 potions of degeneration {unknown}
 v - a potion of lignification {unknown}
 w - a potion of magic {unknown}
Comestibles
 e - 9 rations {!d}
 k - 6 chunks of flesh


   Skills:
 + Level 5.8 Fighting
 * Level 9.2 Axes
 + Level 7.1 Armour
 + Level 7.1 Shields
 + Level 5.3 Evocations


You had 8 spell levels left.
You didn't know any spells.

Dungeon Overview and Level Annotations

Branches:
Dungeon (8/15)
 Temple: D:4-7         Lair: D:8-11

Altars:
Dithmenos
Gozag
Nemelex Xobeh
Qazlal

Shops:
D:4 !}


Innate Abilities, Weirdness & Mutations

You are resistant to damage.
You can heal yourself by infusing magical energy.
You passively map the area around you.
You do not regenerate.


Message History

An orc is nearby!
An orc is nearby!
An orc wizard comes into view. It is wielding a dagger of speed.
An orc and an orc wizard come into view.
The orc shouts!
The orc wizard shouts! x2
You hit the orc.
The orc is moderately wounded.
You barely miss the orc. You block the orc's attack.
You barely miss the orc.
The orc is moderately wounded.
Your shield prevents you from hitting the orc wizard.
You hit the orc.
The orc is heavily wounded.
You barely miss the orc wizard. You hit the orc wizard.
You block the orc wizard's attack. You block the orc's attack.
The orc wizard hits you but does no damage. x2
You closely miss the orc.
The orc is heavily wounded.
You hit the orc wizard. You closely miss the orc wizard.
The orc hits you with a hand axe. You block the orc wizard's attack. x2
The orc closely misses you. The orc hits you but does no damage.
Unknown command.
You miss the orc wizard.
The orc wizard is heavily wounded.
You barely miss the orc.
Your shield and scale mail prevent you from hitting the orc.
You slash the orc wizard! You block the orc wizard's attack.
The orc wizard gestures at you while chanting.
The magic dart hits you!
* * * LOW HITPOINT WARNING * * *
The orc wizard barely misses you. The orc hits you but does no damage. x2
You are too injured to fight recklessly!
Unknown command.
You are too injured to fight recklessly!
Unknown command.
Unknown command.
You are too injured to fight recklessly!
Unknown command.
You are too injured to fight recklessly!
You are too injured to fight recklessly!
Unknown command.
Unknown command.
You feel much better. You block the orc wizard's attack.
The orc wizard closely misses you. The orc hits you but does no damage.
Unknown command.
You closely miss the orc wizard.
The orc wizard is heavily wounded.
Your shield prevents you from hitting the orc wizard.
You completely miss the orc. You closely miss the orc.
You block the orc's attack.
The orc wizard hits you but does no damage. x2
The orc hits you but does no damage.
Unknown command.
You slash the orc wizard!
You kill the orc wizard!
You barely miss the orc. You slash the orc!
You kill the orc!
You hit the orc wizard but do no damage.
The orc wizard hits you but does no damage.
You block the orc's attack.
The orc wizard hits you with a dagger of speed.
Unknown command.
You barely miss the orc wizard.
The orc wizard is heavily wounded.
You barely miss the orc. You block the orc wizard's attack.
The orc hits you but does no damage.
Unknown command.
Unknown command.
You slice the orc wizard!!
You kill the orc wizard!
You closely miss the orc. The orc closely misses you.
You closely miss the orc. The orc hits you with a dagger.
You hit the orc.
The orc is heavily wounded.
The orc hits you but does no damage.
Unknown command.
You slice the orc!!
You kill the orc!
No target in view!
Unknown command.
No target in view!
No target in view!
No target in view!
Magic restored.
You open the door.
There is an open door here.
There is a stone staircase leading up here.
Unknown command.
Unknown command.
Unknown command.
Unknown command.
There is a stone staircase leading up here.
Unknown command.
Unknown command.
Unknown command.
Unknown command.
There is a stone staircase leading up here.
Unknown command.
Unknown command.
Are you sure you want to abandon this character and quit the game? (Confirm with "yes".)

#..........##...##...[)
##....##...+.......=.))
##...(##...##......()).
#(....####'##...##....#
#....>.#...'....#######
###'####...#......)>..#
##....##...##...##.)..'
#..........##...##))..#
#.....@<...#....##....#
#..........#....#......
#.....##...##...#......
#.....##...##...##....#
##....##...##...##....#
#....##........#......
#........†......# , ,
#...............# ,,,
##....##...#..#.# *,


There were no monsters in sight!

Vanquished Creatures
  Sigmund (D:5)
  Menkaure (D:5)
  A water moccasin (D:8)
  An orc warrior (D:6)
  A sky beast (D:8)
  4 ice beasts
  A phantom (D:7)
  2 black bears (D:7)
  A necrophage (D:7)
  3 ogres
  A centaur (D:8)
  Blork the orc (D:5)
  A bullfrog (D:8)
  2 scorpions
  A howler monkey (D:8)
  2 electric eels (D:7)
  A centaur zombie (D:4)
  A crimson imp (D:8)
  A bullfrog zombie (D:8)
  5 hounds
  4 orc priests
  3 bullfrog skeletons
  9 orc wizards
  Ijyb (D:5)
  An iguana (D:7)
  7 worker ants
  12 gnolls
  4 adders
  A shadow imp (D:5)
  An ooze (D:2)
  2 adder skeletons
  A worm (D:3)
  A dart slug (D:1)
  A leopard gecko (D:4)
  25 orcs
  2 ball pythons
  2 bats (D:3)
  2 giant cockroaches
  3 goblins
  2 hobgoblins
  13 jackals
  3 quokkas
  2 frilled lizards
  A leopard gecko skeleton (D:5)
  A quokka zombie (D:8)
  2 rats (D:3)
138 creatures vanquished.

Notes
Turn   | Place    | Note
-------+----------+-------------------------------------------
     0 | D:1      | dstrtnsr the Deep Dwarf Fighter began the quest for the Orb.
     0 | D:1      | Reached XP level 1. HP: 20/20 MP: 1/1
    65 | D:2      | Reached XP level 2. HP: 21/27 MP: 2/2
   101 | D:2      | Reached skill level 3 in Axes
   101 | D:2      | Reached XP level 3. HP: 19/34 MP: 3/3
   265 | D:3      | Reached XP level 4. HP: 40/42 MP: 4/4
   396 | D:4      | Found Yhih Pojy's Distillery.
   494 | D:4      | Noticed an ogre
   500 | D:4      | Killed an ogre
   500 | D:4      | Reached skill level 4 in Axes
   500 | D:4      | Reached XP level 5. HP: 28/49 MP: 5/5
   535 | D:4      | Reached XP level 6. HP: 43/56 MP: 6/6
   670 | D:4      | Reached skill level 5 in Axes
   795 | D:4      | Found Juog's Gadget Boutique.
   997 | D:4      | HP: 19/57 [worker ant (5)]
  1300 | D:5      | Entered Level 5 of the Dungeon
  1300 | D:5      | Noticed an ice beast
  1318 | D:5      | Killed an ice beast
  1318 | D:5      | Reached XP level 7. HP: 30/64 MP: 7/7
  1331 | D:5      | Noticed Ijyb
  1335 | D:5      | HP: 25/64 [orc/trident (4)]
  1341 | D:5      | HP: 24/64 [Ijyb (1)]
  1344 | D:5      | Killed Ijyb
  1344 | D:5      | Reached skill level 5 in Armour
  1347 | D:5      | Reached skill level 5 in Shields
  1347 | D:5      | HP: 22/64 [orc/trident (2)]
  1351 | D:5      | Noticed Sigmund
  1367 | D:5      | Killed Sigmund
  1367 | D:5      | Reached skill level 6 in Axes
  1438 | D:5      | Noticed Blork the orc
  1448 | D:5      | HP: 24/66 [Blork the orc/halberd (4)]
  1454 | D:5      | Killed Blork the orc
  1454 | D:5      | Reached skill level 1 in Evocations
  1473 | D:5      | HP: 20/66 [ice beast (10)]
  1479 | D:5      | HP: 25/66 [gnoll (1)]
  1492 | D:5      | Reached XP level 8. HP: 50/73 MP: 6/8
  1620 | D:5      | Found an opulent altar of Gozag.
  1686 | D:5      | Found a shadowy altar of Dithmenos.
  1925 | D:5      | Noticed Menkaure
  1925 | D:5      | HP: 24/73 [??? (20)]
  1932 | D:5      | HP: 26/73 [??? (22)]
  1933 | D:5      | HP: 9/73 [Menkaure (17)]
  1938 | D:5      | HP: 29/73 [??? (25)]
  1939 | D:5      | Killed Menkaure
  1939 | D:5      | Reached skill level 7 in Axes
  2036 | D:6      | Found a stormy altar of Qazlal.
  2036 | D:6      | Noticed an air elemental
  2055 | D:6      | HP: 26/73 [orc warrior/dire flail (14)]
  2064 | D:6      | HP: 19/73 [orc warrior/dire flail (13)]
  2077 | D:6      | HP: 27/73 [orc warrior/dire flail (5)]
  2205 | D:7      | Reached skill level 5 in Fighting
  2219 | D:7      | HP: 28/74 [gnoll/halberd (3)]
  2220 | D:7      | HP: 13/74 [gnoll/halberd (10)]
  2295 | D:7      | HP: 26/74 [orc/tomahawk (1)]
  2319 | D:7      | HP: 24/74 [phantom (2)]
  2360 | D:7      | Reached skill level 8 in Axes
  2371 | D:7      | Found a sparkling altar of Nemelex Xobeh.
  2383 | D:7      | HP: 28/74 [phantom (6)]
  2396 | D:7      | HP: 23/74 [phantom (5)]
  2552 | D:7      | Gained mutation: You passively map the area around you. [Deep Dwarf growth]
  2552 | D:7      | Reached XP level 9. HP: 51/81 MP: 5/7
  2578 | D:7      | HP: 29/81 [electric eel/bolt of electricity (8)]
  2597 | D:7      | HP: 22/81 [electric eel/bolt of electricity (11)]
  2709 | D:7      | You fall through a shaft!
  2713 | D:8      | HP: 32/81 [water moccasin (1)]
  2723 | D:8      | HP: 30/81 [poisoned by a water moccasin]
  2729 | D:8      | HP: 26/81 [ogre/giant club (16)]
  2807 | D:8      | Reached skill level 5 in Evocations
  2859 | D:8      | Reached skill level 9 in Axes
  2983 | D:8      | HP: 22/82 [orc wizard/magic dart (11)]
  3015 | D:8      | Quit the game

Vault maps used:
D:1:      dpeg_arrival_leaves_temple_mockup, minmay_stone_trees_small,
          hex_medium, st_stairs_1, serial_bayou_pond_b,
          hangedman_decor_clover_reticule
D:2:      okawaru_altar_gauntlet_db, dancing_weapons_uskayaw,
          lemuel_crystal_altar, tso_oasis_becter, first_ration
D:3:      led_sif_pool
D:4:      serial_shops, kennysheep_little_box, shop, serial_park_tiny_1
D:5:      overflow_temple_1_default, grunt_gozag_statues, uniq_blork_the_orc,
          uniq_sigmund, uniq_menkaure, uniq_ijyb
D:6:      lemuel_castle_with_subvaults, lemuel_crystal_altar,
          nicolae_qazlal_style_of_elements, minmay_temple_entry_overgrown,
          guppyfry_early_elven_hall
D:7:      elyvilon_altar_3, marbit_many_paths, serial_bayou,
          serial_bayou_crossing, serial_bayou_shore_b, serial_bayou_shore_a,
          serial_bayou_pond_c

Skill      XL: |  1  2  3  4  5  6  7  8  9 |
---------------+----------------------------+-----
Fighting       | 3 4 5 |  5.8
Axes           | 3 4 5 6 8 9 |  9.2
Armour         | 4 5 6 7 |  7.1
Shields        | 4 5 6 7 |  7.1
Evocations     | 1 4 5 |  5.3

Action                   |  1- 3 |  4- 6 |  7- 9 || total
-------------------------+-------+-------+-------++-------
Melee: War axe           |    66 |    96 |   314 ||   476
 Abil: Heal Wounds       |     1 |     3 |    31 ||    35
Evoke: Wand              |       |       |     1 ||     1
  Use: Scroll            |       |       |     7 ||     7
       Potion            |       |       |     2 ||     2
  Eat: Chunk             |       |     1 |     7 ||     8
Armor: Scale mail        |    25 |    44 |   105 ||   174
Dodge: Dodged            |    27 |    34 |   103 ||   164
Block: Shield            |    49 |    49 |   196 ||   294

Table legend:
 A = Spawn XP
 B = Non-spawn XP
 C = Spawn XP percentage of total XP
 D = Spawn monster count
 E = Non-spawn monster count
 F = Spawn count percentage of total count
 G = Total turns spent on level
                    A         B        C        D         E        F      G
               +---------+---------+-------+---------+---------+-------+---------
         Total |       0 |    4471 |   0.0 |       0 |     138 |   0.0 |  3015
               +---------+---------+-------+---------+---------+-------+---------
           D:1 |       0 |       6 |   0.0 |       0 |       2 |   0.0 |    51
           D:2 |       0 |      59 |   0.0 |       0 |       9 |   0.0 |    75
           D:3 |       0 |      32 |   0.0 |       0 |      10 |   0.0 |   141
           D:4 |       0 |     525 |   0.0 |       0 |      19 |   0.0 |  1033
           D:5 |       0 |    1128 |   0.0 |       0 |      28 |   0.0 |   736
           D:6 |       0 |     322 |   0.0 |       0 |      13 |   0.0 |   161
           D:7 |       0 |    1099 |   0.0 |       0 |      19 |   0.0 |   512
           D:8 |       0 |    1300 |   0.0 |       0 |      38 |   0.0 |   306
               +---------+---------+-------+---------+---------+-------+---------
